 Dungeon Crawl Stone Soup version 0.23.1 (webtiles) character file.

Game seed: 10028190586183102492

133 Borgoz the Sneak (level 5, -3/41 HPs)
             Began as a Ghoul Enchanter on Mar 4, 2019.
             Slain by a gnoll
             ... wielding a +0 spear
              (5 damage)
             ... on level 3 of the Dungeon.
             The game lasted 00:07:10 (4073 turns).

Borgoz the Sneak (Ghoul Enchanter)                  Turns: 4073, Time: 00:07:10

Health: -3/41      AC:  3    Str: 14    XL:     5   Next: 16%
Magic:  7/7        EV: 12    Int: 10    God:
Gold:   95         SH:  0    Dex: 10    Spells: 2/8 levels left

rFire    . . .     SeeInvis .   i - +0 dagger (venom)
rCold    + . .     Gourm    .   (no shield)
rNeg     + + +     Faith    .   b - +0 robe
rPois    ∞         Spirit   .   u - +0 helmet
rElec    .         Reflect  .   (no cloak)
rCorr    .         Harm     .   (no gloves)
MR       .....                  (no boots)
Stlth    ++........             (no amulet)
HPRegen  0.00/turn              l - +2 ring of strength
MPRegen  0.10/turn              (no ring)

@: rotting
A: rotting body, claws 1, carnivore, cold resistance 1, negative energy
resistance 3, inhibited regeneration, torment resistance, unbreathing
a: no special abilities


You were on level 3 of the Dungeon.
You were not hungry.

You visited 1 branch of the dungeon, and saw 4 of its levels.

You collected 95 gold pieces.

Inventory:

Hand Weapons
 e - a +0 dagger of holy wrath
 i - a +0 dagger of venom (weapon)
 r - a +2 dagger of pain
Missiles
 a - 4 silver tomahawks (quivered)
 n - 5 needles of confusion
 o - 20 poisoned needles
 x - a throwing net
Armour
 b - a +0 robe (worn)
 u - a +0 helmet (worn)
Jewellery
 l - a +2 ring of strength (left claw)
Scrolls
 f - a scroll of enchant weapon {unknown}
 g - 2 scrolls of remove curse
 h - 2 scrolls of magic mapping
 k - 2 scrolls of teleportation {unknown}
 p - a scroll of noise {unknown}
 q - a scroll of fear {unknown}
Potions
 s - a potion of might
 w - a potion of cancellation
Comestibles
 d - 9 rations


   Skills:
 + Level 2.0 Fighting
 * Level 2.4 Short Blades
 + Level 2.3 Dodging
 + Level 3.7 Stealth
 + Level 2.2 Spellcasting
 + Level 2.8 Hexes


You had 2 spell levels left.
You knew the following spells:

 Your Spells              Type           Power        Failure   Level  Hunger
a - Corona                Hex            #......      10%         1    ##.....
b - Ensorcelled Hibernat  Hex/Ice        #.....       26%         2    ###....
c - Confuse               Hex            #.......     28%         3    ####...

Your spell library contained the following spells:

 Spells                   Type           Power        Failure   Level  Hunger
 Tukima's Dance           Hex            #.......     28%         3    ####...
 Dazzling Spray           Conj/Hex       #.....       45%         3    ####...


Dungeon Overview and Level Annotations

Branches:
Dungeon (4/15)
 Temple: D:4-7

Altars:
Elyvilon
Gozag
Hepliaklqana


Innate Abilities, Weirdness & Mutations

Your body is rotting away.
You thrive on raw meat.
You are immune to poison.
You have sharp fingernails.
You are carnivorous and can eat meat at any time.
Your flesh is cold resistant. (rC+)
You are immune to negative energy. (rN+++)
You do not regenerate when monsters are visible.
You are immune to unholy pain and torment.
You can survive without breathing.


Message History

You hit the gnoll.
The gnoll is poisoned.
The gnoll is moderately wounded.
The gnoll hits you with a +0 spear. The gnoll barely misses you.
The gnoll closely misses you.
You hit the gnoll.
The gnoll is lightly wounded.
The gnoll hits you with a +0 spear. The gnoll hits you but does no damage.
The gnoll hits you with a +0 flail.
You hit the gnoll.
The gnoll is poisoned.
The gnoll is moderately wounded.
The gnoll barely misses you. The gnoll hits you with a +0 spear.
* * * LOW HITPOINT WARNING * * *
The gnoll barely misses you. The gnoll hits you with a +0 flail!
* * * LOW HITPOINT WARNING * * *
Unknown command.
You feel better. The gnoll barely misses you.
The gnoll hits you but does no damage. The gnoll hits you with a +0 spear.
* * * LOW HITPOINT WARNING * * *
The gnoll hits you from afar with a +0 spear.
You die...

...> ... .... ....... ?.
..# ....... .. # .......
.# .. .. #.## .......
.##.##.# . #.#.
.....".##.......#. ..##.#.
.......gg##...... .......
........g.#....# #.....
######g#@#....# .....#..
.........#.....#......###.
...................#......
...............#.#[#......
...........##..#..........
...........###..........##
..%............#..........
...........###.#........#.
.........## #...##.### #.


You could see 3 gnolls.

Vanquished Creatures
  An orc priest (D:4)
  A worker ant (D:4)
  An adder (D:4)
  An adder skeleton (D:4)
  A worm (D:3)
  2 dart slugs (D:1)
  3 leopard geckos
  2 orcs (D:4)
  4 bats
  4 giant cockroaches
  5 goblins
  6 hobgoblins
  7 jackals
  2 kobolds (D:1)
  A quokka (D:2)
  A ball python (D:2)
  4 frilled lizards
  A jackal skeleton (D:4)
  7 rats
54 creatures vanquished.

Notes
Turn   | Place    | Note
-------+----------+-------------------------------------------
     0 | D:1      | Borgoz the Ghoul Enchanter began the quest for the Orb.
     0 | D:1      | Reached XP level 1. HP: 14/14 MP: 2/2
    46 | D:1      | Reached skill level 1 in Short Blades
   275 | D:1      | Reached XP level 2. HP: 11/22 MP: 1/3
   279 | D:1      | Learned a level 2 spell: Ensorcelled Hibernation
   589 | D:1      | Reached skill level 1 in Fighting
  1138 | D:1      | Reached XP level 3. HP: 28/28 MP: 4/4
  1818 | D:2      | Learned a level 3 spell: Confuse
  2515 | D:2      | Found a white marble altar of Elyvilon.
  2516 | D:2      | Found an opulent altar of Gozag.
  3054 | D:3      | Reached XP level 4. HP: 11/35 MP: 6/6
  3564 | D:4      | Found a hazy altar of Hepliaklqana.
  3589 | D:4      | Reached XP level 5. HP: 19/41 MP: 7/7
  4071 | D:3      | HP: 2/41 [gnoll/+0 flail (8)]
  4073 | D:3      | Slain by a gnoll

Skill      XL: |  1  2  3  4 |
---------------+-------------+-----
Short Blades   | 1 2 |  2.4
Fighting       | 1 2 |  2.0
Dodging        | 2 |  2.3
Spellcasting   | 2 |  2.2
Stealth        | |  3.7
Hexes          | |  2.8

Action                   |  1- 3 |  4- 6 || total
-------------------------+-------+-------++-------
Melee: Dagger            |   196 |    48 ||   244
 Cast: Corona            |     5 |       ||     5
       Ensorcelled Hiber |     3 |       ||     3
  Use: Potion            |     1 |     2 ||     3
       Scroll            |     5 |     3 ||     8
 Stab: Sleeping          |     5 |     2 ||     7
  Eat: Chunk             |    14 |     3 ||    17
Armor: Robe              |    26 |     8 ||    34
Dodge: Dodged            |   112 |    37 ||   149
